 Dungeon Crawl Stone Soup version 0.26.0-57-g60708a5e39 (webtiles) character file.

Game seed: 16565790787552724083

(classic levelgen) 1267 thiole the Sneak (level 8, -3/85 HPs)
             Began as an Octopode Hedge Wizard on Feb 1, 2021.
             Killed from afar by a white imp (7 damage)
             ... with a puff of frost
             ... on level 6 of the Dungeon.
             The game lasted 00:17:52 (7911 turns).

thiole the Sneak (Octopode Hedge Wizard)            Turns: 7911, Time: 00:17:52

Health: -3/85      AC:  3    Str:  9    XL:     8   Next: 53%
Magic:  14/15      EV: 14    Int: 25    God:
Gold:   194        SH:  0    Dex: 11    Spells: 9/17 levels left

rFire    . . .     SeeInvis .   a - +0 dagger
rCold    . . .     Faith    .   (no shield)
rNeg     . . .     Spirit   .   b - +2 hat
rPois    .         Reflect  .   (no amulet)
rElec    .         Harm     .   h - +6 ring of intelligence
rCorr    .         Rampage  .   (no ring)
Will     .....                  (no ring)
Stlth    ..........             (no ring)
HPRegen  0.24/turn              (no ring)
MPRegen  0.14/turn              (no ring)
                                (no ring)
                                (no ring)

@: berserking, hasted, very quick
A: almost no armour, stealthy swim, amphibious, 8 rings, constrict 8, camouflage
1, robust 1, gelatinous body 1, MP-powered wands
a: no special abilities


You were on level 6 of the Dungeon.
You visited 2 branches of the dungeon, and saw 7 of its levels.
You also visited: Sewer.

You collected 194 gold pieces.

Inventory:

Hand Weapons
 a - a +0 dagger (weapon)
Armour
 b - a +2 hat (worn)
Jewellery
 h - a +6 ring of intelligence (left tentacle)
Wands
 i - a wand of acid (11)
 x - a wand of enslavement (7)
Scrolls
 e - 2 scrolls of fog
 f - a scroll of immolation {unknown}
 j - a scroll of enchant weapon {unknown}
 p - 2 scrolls of teleportation {unknown}
 s - 3 scrolls of fear
 t - 4 scrolls of remove curse
 u - a scroll of amnesia
 v - a scroll of magic mapping {unknown}
 w - 2 scrolls of identify
Potions
 d - 2 potions of berserk rage
 g - 2 potions of invisibility
 k - a potion of magic
 m - 4 potions of attraction
 n - 6 potions of heal wounds {unknown}
 o - 2 potions of might
 q - a potion of resistance
 r - a potion of lignification {unknown}


   Skills:
 - Level 3.0 Fighting
 + Level 3.6 Short Blades
 - Level 4.0 Dodging
 - Level 7.0 Stealth
 - Level 5.0 Spellcasting
 - Level 3.0 Conjurations
 - Level 1.0 Summonings
 - Level 1.0 Translocations
 - Level 2.0 Air Magic
 - Level 3.0 Poison Magic


You had 9 spell levels left.
You knew the following spells:

 Your Spells              Type           Power        Failure   Level
a - Magic Dart            Conj           84%          2%          1
b - Call Imp              Summ           11%          9%          2
c - Blink                 Tloc           N/A          9%          2
d - Mephitic Cloud        Conj/Pois/Air  19%          9%          3

Your spell library contained the following spells:

 Spells                   Type           Power        Failure   Level
 Slow                     Hex            6%           12%         2
 Conjure Flame            Conj/Fire      13%          13%         3


Dungeon Overview and Level Annotations

Branches:
Dungeon (6/15)             Temple (1/1) D:5           Sewer (visited)

Altars:
Ashenzari
Cheibriados
Dithmenos
Elyvilon
Fedhas
Hepliaklqana
Kikubaaqudgha
Nemelex Xobeh
Okawaru
Qazlal
Ru
Sif Muna
Trog
Uskayaw
Vehumet
Wu Jian
Xom
Yredelemnul

Shops:
D:4 *:=?


Innate Abilities, Weirdness & Mutations

You cannot wear most types of armour.
You are very stealthy in the water. (Stealth+)
You are amphibious.
You can wear up to eight rings at the same time.
You can use your tentacles to constrict eight enemies at once.
Your skin changes colour to match your surroundings (Stealth+).
Your rubbery body absorbs attacks. (AC +1, EV +1)
You are robust. (+10% HP)
You expend magic power (3 MP) to strengthen your wands.


Message History

The white imp spits at you. The white imp gestures at you.
The puff of frost hits you.
* * * LOW HITPOINT WARNING * * *
The orc priest hits you with a +0 mace!
* * * LOW HITPOINT WARNING * * *
A red film seems to cover your vision as you go berserk!
You feel yourself moving faster!
You feel mighty!
You constrict the orc priest, but do no damage.
The white imp misses you.
You barely miss the white imp. Your grab misses the white imp.
You squeeze the white imp!
The white imp is almost dead.
You constrict the orc priest, but do no damage.
You hit the orc priest.
The orc priest is severely wounded.
You constrict the orc priest. The orc priest closely misses you.
The white imp gestures at you. The puff of frost hits you!
You die...

### #.## ##..####
####...##.#### #..#......##.##
### #..........#..# ##.### #
#..5....?..## #....# #.
#.....5.....###....###..
##.....o@..........##....
##......##########........
#.......##o..#...##.......
##......#..#..#..###......
##.!......#†.#..# #...... ..
#.......##.#..# ##...... ...
#........##..# ##.....## #...
##........#########.....##
....####...........Y......./..#


You could see an orc priest, a white imp and a friendly crimson imp (summoned).

Vanquished Creatures
  An ice beast (D:5)
  A phantom (D:4)
  3 big kobolds (Sewer)
  3 scorpions
  A centaur zombie (D:6)
  A bullfrog zombie (D:5)
  An orc priest (D:6)
  3 bullfrog skeletons
  Jessica (D:2)
  2 iguanas (D:4)
  An orc wizard (D:3)
  5 worker ants
  A hound skeleton (D:6)
  3 gnolls (D:2)
  2 river rats (Sewer)
  9 adders
  2 shadow imps
  An adder skeleton (D:5)
  3 worms
  3 dart slugs
  5 leopard geckos
  9 orcs
  5 bats
  4 giant cockroaches
  5 hobgoblins
  5 jackals
  A quokka (D:3)
  7 ball pythons
  5 frilled lizards
  5 goblins
  23 kobolds
  A quokka skeleton (D:5)
  23 rats
145 creatures vanquished.

Vanquished Creatures (collateral kills)
  An ogre (D:6)
  A jelly (D:6)
  4 river rats (Sewer)
  A worm (D:4)
  3 rats (Sewer)
10 creatures vanquished.

Grand Total: 155 creatures vanquished

Notes
Turn   | Place    | Note
-------+----------+-------------------------------------------
     0 | D:1      | thiole the Octopode Hedge Wizard began the quest for the
                  | Orb.
     0 | D:1      | Reached XP level 1. HP: 11/11 MP: 4/4
   268 | D:1      | Reached XP level 2. HP: 17/17 MP: 6/6
   352 | D:1      | Reached skill level 3 in Stealth
   858 | D:1      | Reached XP level 3. HP: 21/21 MP: 0/7
  1605 | D:2      | Reached skill level 4 in Stealth
  1838 | D:2      | Reached XP level 4. HP: 27/27 MP: 2/8
  2055 | D:2      | Found a shadowy altar of Dithmenos.
  2097 | D:2      | Reached skill level 5 in Stealth
  2266 | D:2      | Reached skill level 1 in Fighting
  2447 | D:2      | Noticed Jessica
  2459 | D:2      | Killed Jessica
  2460 | D:2      | Reached XP level 5. HP: 10/34 MP: 9/9
  2678 | D:2      | Gained mutation: You are robust. (+10% HP) [potion of
                  | mutation]
  2678 | D:2      | Gained mutation: You expend magic power (3 MP) to
                  | strengthen your wands. [potion of mutation]
  3038 | D:3      | Found a radiant altar of Vehumet.
  3038 | D:3      | Found a hazy altar of Hepliaklqana.
  3038 | D:3      | Found an ancient bone altar of Kikubaaqudgha.
  3048 | D:3      | Found a snail-covered altar of Cheibriados.
  3562 | D:3      | Learned a level 2 spell: Call Imp
  3565 | D:3      | Learned a level 2 spell: Blink
  3569 | D:3      | Learned a level 3 spell: Mephitic Cloud
  3781 | D:4      | Found Vatah's Book Emporium.
  3787 | D:4      | Reached skill level 1 in Air Magic
  3787 | D:4      | Reached skill level 1 in Poison Magic
  3787 | D:4      | Reached XP level 6. HP: 31/46 MP: 10/10
  3794 | D:4      | Found a glowing drain.
  3852 | Sewer    | Entered a sewer
  4433 | Sewer    | Reached XP level 7. HP: 22/50 MP: 0/11
  5106 | D:4      | Found Loerusiz's Jewellery Boutique.
  5368 | D:4      | Found Cahiesh's Magic Scroll Boutique.
  5434 | D:4      | Found Zuadona's Assorted Antiques.
  5963 | D:4      | Found a sacrificial altar of Ru.
  5970 | D:4      | Found a shimmering altar of Xom.
  5970 | D:4      | Found a basalt altar of Yredelemnul.
  5977 | D:4      | Found an ornate altar of the Wu Jian Council.
  5977 | D:4      | Found a white marble altar of Elyvilon.
  5977 | D:4      | Found a sparkling altar of Nemelex Xobeh.
  6138 | D:5      | Entered Level 5 of the Dungeon
  6315 | D:5      | Found a staircase to the Ecumenical Temple.
  6419 | Temple   | Entered the Ecumenical Temple
  6634 | D:5      | Reached skill level 5 in Spellcasting
  6766 | D:5      | Reached XP level 8. HP: 48/57 MP: 9/15
  6824 | D:5      | Reached skill level 6 in Stealth
  7222 | D:5      | Reached skill level 7 in Stealth
  7233 | D:5      | Reached skill level 1 in Short Blades
  7908 | D:6      | HP: 2/57 [orc priest/+0 mace (7)]
  7911 | D:6      | Killed from afar by a white imp

Illustrated notes

Levels and vault maps discovered:
D:1:      erik_arrival_cave_to_civilisation [erik_arrival_cave_to_hall],
          layout_loops_corners, minmay_unequal
D:2:      layout_rooms, grunt_dithmenos_smoke, uniq_jessica
D:3:      layout_loops_cross, chequers_temple_overflow_statue_of_worship,
          st_stairs_3, grunt_decor_mini_mirrors, lightli_corner_chamber
D:4:      layout_loops_corners, doesnt_xom_only_xom, portal_sewer_entry_c,
          serial_shops, nicolae_shop_overgrown_old_shop, shop,
          nicolae_shop_temple_entry_statues_fountains, shop
D:5:      wad_pebble_path, layout_rooms, minmay_temple_entry_glass, zaba_anthole
D:6:      layout_cave_pools, marbit_many_paths
Temple:   minmay_temple_curvy_loop

Skill      XL: |  1  2  3  4  5  6  7  8 |
---------------+-------------------------+-----
Conjurations   | 2 3 |  3.0
Stealth        | 3 4 5 7 |  7.0
Fighting       | 1 3 |  3.0
Air Magic      | 1 2 |  2.0
Poison Magic   | 1 3 |  3.0
Dodging        | 3 4 |  4.0
Spellcasting   | 5 |  5.0
Short Blades   | 3 |  3.6
Summonings     | |  1.0
Translocations | |  1.0

Action                   |  1- 3 |  4- 6 |  7- 9 || total
-------------------------+-------+-------+-------++-------
Melee: Dagger            |    25 |    81 |   132 ||   238
       Constrict         |     6 |    24 |    25 ||    55
       Tentacles         |     3 |    13 |    23 ||    39
 Cast: Magic Dart        |    72 |   104 |   110 ||   286
       Call Imp          |       |     7 |    19 ||    26
       Mephitic Cloud    |       |     1 |     1 ||     2
  Use: Scroll            |     8 |     5 |     3 ||    16
       Potion            |       |     1 |    10 ||    11
 Stab: Sleeping          |     2 |     4 |     3 ||     9
       Confused          |       |     1 |       ||     1
       Distracted        |       |       |     1 ||     1
Armor: Skin              |     3 |     8 |    13 ||    24
Dodge: Dodged            |    21 |    53 |    93 ||   167
